 Dungeon Crawl Stone Soup version 0.28.0-1-gb440e238dd (webtiles) character file.

Game seed: 15616713710101217124

15 Descartes the Grasshopper (level 2, -4/16 (22) HPs)
             Began as a Formicid Warper on Feb 23, 2022.
             Slain by Terence (6 damage)
             ... on level 2 of the Dungeon.
             The game lasted 00:01:27 (556 turns).

Descartes the Grasshopper (Formicid Warper)          Turns: 556, Time: 00:01:28

HP:   -4/16 (22)    AC:  7    Str: 15    XL:     2   Next: 65%
MP:   5/5           EV:  9    Int: 12    God:
Gold: 6             SH:  0    Dex: 10    Spells: 5/5 levels left

rFire   . . .      SeeInvis +   a - +0 hand axe
rCold   . . .      Faith    .   (no shield)
rNeg    . . .      Spirit   .   h - +0 scale mail
rPois   .          Reflect  .   (helmet unavailable)
rElec   .          Harm     .   i - +0 cloak
rCorr   .          Rampage  .   (no gloves)
Will    .....                   (no boots)
Stlth   ..........              (no amulet)
HPRegen 0.05/turn               (no ring)
MPRegen 0.09/turn               (no ring)

@: very heavily drained
A: permanent stasis, dig shafts and tunnels, antennae 3, four strong arms
a: Dig, Shaft Self


You were on level 2 of the Dungeon.
You visited 1 branch of the dungeon, and saw 2 of its levels.

You collected 6 gold pieces.

Inventory:

Hand Weapons
 a - a +0 hand axe (weapon)
Missiles
 c - 5 boomerangs of dispersal (quivered)
 f - 9 stones
 g - 3 poisoned darts
Armour
 b - a +0 leather armour
 h - a +0 scale mail (worn)
 i - a +0 cloak (worn)
Potions
 e - a potion of curing


   Skills:
 - Level 2.1 Fighting
 + Level 2.2 Axes
 - Level 1.0 Throwing
 + Level 1.6 Armour
 - Level 1.7 Dodging
 + Level 1.0 Shields
 - Level 2.1 Spellcasting
 + Level 2.9 Translocations


You had 5 spell levels left.
You didn't know any spells.
Your spell library contained the following spells:

 Spells                   Type           Power      Damage    Failure   Level
 Gell's Gravitas          Tloc           8%         N/A       67%         3
 Lesser Beckoning         Tloc           8%         N/A       67%         3
 Teleport Other           Tloc           8%         N/A       67%         3
 Manifold Assault         Tloc           8%         N/A       100%        5
 Blink                    Tloc           Unusable   N/A       N/A         2

Dungeon Overview and Level Annotations

Branches:
Dungeon (1/15)

Altars:

Annotations:
D:2 Terence


Innate Abilities, Weirdness & Mutations

You cannot be hasted, slowed, berserked, paralysed or teleported.
You can dig through walls and to a lower floor.
You have a pair of large antennae on your head. (SInv)
Your four strong arms can wield two-handed weapons with a shield.


Message History

You hit the kobold.
The kobold is heavily wounded.
You hit the ball python.
You kill the ball python!
You hit the rat.
You kill the rat!
You completely miss Terence. The kobold hits you but does no damage.
Terence hits you with a +1 flail of draining.
You feel drained.
You hit the kobold.
You kill the kobold!
You hit the kobold but do no damage. You barely miss Terence.
The kobold hits you but does no damage.
Terence hits you with a +1 flail of draining.
You feel drained.
You hit Terence but do no damage. You hit the kobold.
You kill the kobold!
Terence closely misses you.
You hit Terence but do no damage. Terence hits you but does no damage.
You feel drained.
You hit Terence but do no damage. Terence barely misses you.
Terence hits you with a +1 flail of draining.
You feel drained.
It was a potion of cancellation.
You feel magically purged. Terence closely misses you.
It was a potion of curing.
You feel better. Terence barely misses you.
You barely miss Terence.
Terence hits you with a +1 flail of draining!
You feel drained.
* * * LOW HITPOINT WARNING * * *
You barely miss Terence.
Terence hits you with a +1 flail of draining.
* * * LOW HITPOINT WARNING * * *
You feel drained.
* * * LOW HITPOINT WARNING * * *
Unknown command.
Are you sure you want to shaft yourself?
Terence says, "You're history."
Terence hits you with a +1 flail of draining.
You die...

# .##
###########...
.............
#...........
####...........
......).)......
####...@†......
.......@.......
.##.........###
............+
............#
............#
............#
#..............
:..............
#...........###


You could see Terence.

Vanquished Creatures
  2 ball pythons
  2 endoplasms (D:1)
  2 goblins (D:1)
  2 hobgoblins (D:1)
  2 kobolds (D:2)
  4 rats
14 creatures vanquished.

Notes
Turn   | Place    | Note
-------+----------+-------------------------------------------
     0 | D:1      | Descartes the Formicid Warper began the quest for the Orb.
     0 | D:1      | Reached XP level 1. HP: 16/16 MP: 3/3
   239 | D:1      | Reached XP level 2. HP: 13/22 MP: 5/5
   513 | D:1      | Reached skill level 1 in Shields
   540 | D:1      | You fall into a shaft and drop 1 floor!
   541 | D:2      | Noticed Terence
   556 | D:2      | Slain by Terence

Illustrated notes

Levels and vault maps discovered:
D:1:      matt_arrival_grand_opening, layout_loops_cross,
          minmay_shallow_snake_nest
D:2:      layout_basic, serial_shops, nicolae_shop_waterfront, uniq_terence

Skill      XL: |  1  2 |
---------------+-------+-----
Shields        | 1 |  1.0
Fighting       | |  2.1
Axes           | |  2.2
Throwing       | |  1.0
Armour         | |  1.6
Dodging        | |  1.7
Spellcasting   | |  2.1
Translocations | |  2.9

Action                   || total
-------------------------++-------
Melee: Hand axe          ||    39
 Abil: Shaft Self        ||     1
  Use: Potion            ||     2
Armor: Leather armour    ||     5
       Scale mail        ||    13
Dodge: Dodged            ||    19
